 Dungeon Crawl Stone Soup version 0.28.0-43-g3370ac3207 (webtiles) character file.

Game seed: 1606746046488586704

104 DearestLeader the Skirmisher (level 4, -2/41 HPs)
             Began as a Minotaur Fighter on Mar 23, 2022.
             Slain by a phantom (5 damage)
             ... on level 3 of the Dungeon.
             The game lasted 00:02:53 (2318 turns).

DearestLeader the Skirmisher (Minotaur Fighter)     Turns: 2318, Time: 00:02:53

Health: -2/41      AC:  7    Str: 22    XL:     4   Next: 52%
Magic:  3/3        EV: 10    Int:  5    God:
Gold:   240        SH:  4    Dex: 10    Spells: 3/3 levels left

rFire   . . .      SeeInvis .   l - +4 whip (freeze)
rCold   . . .      Faith    .   c - +0 buckler
rNeg    . . .      Spirit   .   b - +0 scale mail
rPois   .          Reflect  .   (helmet restricted)
rElec   .          Harm     .   (no cloak)
rCorr   .          Rampage  .   (no gloves)
Will    .....                   (no boots)
Stlth   ..........              (no amulet)
HPRegen 0.13/turn               (no ring)
MPRegen 0.08/turn               (no ring)

@: no status effects
A: horns 2, retaliatory headbutt
a: no special abilities


You were on level 3 of the Dungeon.
You visited 1 branch of the dungeon, and saw 4 of its levels.

You collected 240 gold pieces.

Inventory:

Hand Weapons
 a - a +0 war axe
 l - a +4 whip of freezing (weapon)
Armour
 b - a +0 scale mail (worn)
 c - a +0 buckler (worn)
Scrolls
 g - a scroll of brand weapon {unknown}
 h - a scroll of torment {unknown}
 i - a scroll of teleportation {unknown}
 j - 2 scrolls of identify {unknown}
 k - a scroll of immolation {unknown}
 n - a scroll of summoning {unknown}
Potions
 d - a potion of might
 e - 3 potions of cancellation {unknown}
 f - a potion of magic {unknown}
 m - 3 potions of heal wounds {unknown}
 o - a potion of ambrosia {unknown}
 p - a potion of brilliance {unknown}


   Skills:
 + Level 4.6 Fighting
 + Level 3.7 Axes
 - Level 4.0 Armour
 - Level 2.0 Dodging
 - Level 4.0 Shields


You had 3 spell levels left.
You didn't know any spells.
Your spell library was empty.

Dungeon Overview and Level Annotations

Branches:
Dungeon (4/15)
 Temple: D:4-7

Altars:
Makhleb
Wu Jian

Shops:
D:3 [


Innate Abilities, Weirdness & Mutations

You have a pair of horns on your head.
You reflexively headbutt those who attack you in melee.


Message History

You block the phantom's attack.
You miss the phantom. Your headbutt misses the phantom.
The phantom is lightly damaged.
The phantom hits you.
The phantom blinks!
You blink.
You barely miss the phantom.
The phantom is lightly damaged.
The phantom hits you.
You barely miss the phantom. You headbutt the phantom.
The phantom is lightly damaged.
The phantom hits you!
You barely miss the phantom.
The phantom is lightly damaged.
The phantom hits you.
You hit the phantom. Your headbutt misses the phantom.
The phantom is moderately damaged.
The phantom hits you but does no damage.
You barely miss the phantom.
The phantom is moderately damaged.
The phantom hits you.
The phantom blinks!
You blink.
You are too injured to fight recklessly!
You whack the phantom!
The phantom is heavily damaged.
The phantom hits you.
You whack the phantom!
The phantom is severely damaged.
The phantom closely misses you. The phantom barely misses you.
You completely miss the phantom.
The phantom is severely damaged.
The phantom hits you.
* * * LOW HITPOINT WARNING * * *
The phantom blinks!
You blink.
You miss the phantom. Your headbutt misses the phantom.
The phantom is severely damaged.
The phantom hits you!
* * * LOW HITPOINT WARNING * * *
The phantom blinks!
You blink.
You completely miss the phantom.
The phantom is severely damaged.
The phantom hits you.
You die...

#.#
#.....#........#######
#.###
#.....#.#.##...#......
#...#
#.....................
###.#
#.....#.#......#......
#.#
#.....#.#......#####.#
#.# #######.......##
#.# #.########
#######.# #.#
#.>......#########.#
#.#
########..@W....##.#
#.# #.§#####.##.# #..
#.§.§.......# ###
##.#####.#### ###
#.#####.###### #..
#.......##...####.#
##########.........
#..[####.# ##.## #.#


You could see a phantom.

Vanquished Creatures
  An orc wizard (D:3)
  An adder (D:2)
  An ufetubus (D:4)
  A worm (D:2)
  4 dart slugs
  3 orcs (D:3)
  3 ball pythons
  5 bats
  8 endoplasms
  4 giant cockroaches
  2 goblins (D:3)
  3 hobgoblins
  A quokka (D:3)
  5 frilled lizards
  3 kobolds (D:2)
  6 rats
51 creatures vanquished.

Notes
Turn   | Place    | Note
-------+----------+-------------------------------------------
     0 | D:1      | DearestLeader the Minotaur Fighter began the quest for the
                  | Orb.
     0 | D:1      | Reached XP level 1. HP: 19/19 MP: 0/0
    88 | D:1      | Reached XP level 2. HP: 24/27 MP: 1/1
   614 | D:1      | Reached skill level 1 in Dodging
   869 | D:2      | Reached XP level 3. HP: 23/33 MP: 2/2
  1469 | D:3      | Found Xyer's Antique Armour Emporium.
  1547 | D:3      | Found a burning altar of Makhleb.
  1644 | D:3      | Reached XP level 4. HP: 29/41 MP: 3/3
  1780 | D:3      | Found an ornate altar of the Wu Jian Council.
  2296 | D:4      | Noticed a phantom
  2317 | D:3      | HP: 2/41 [phantom (8)]
  2318 | D:3      | Slain by a phantom

Illustrated notes

Levels and vault maps discovered:
D:1:      dpeg_arrival_rooms_a, layout_basic
D:2:      layout_basic, minmay_cut_off
D:3:      layout_loops_cross, marbit_many_paths, lemuel_tele_altar,
          serial_shops, shop_coins
D:4:      layout_layer_cave

Skill      XL: |  1  2  3 |
---------------+----------+-----
Dodging        | 1 2 |  2.0
Armour         | 4 |  4.0
Shields        | 4 |  4.0
Fighting       | 4 |  4.6
Axes           | 3 |  3.7

Action                   |  1- 3 |  4- 6 || total
-------------------------+-------+-------++-------
Melee: War axe           |    50 |       ||    50
       Headbutt          |     7 |     5 ||    12
       Whip              |    25 |    32 ||    57
Armor: Scale mail        |    30 |    10 ||    40
Dodge: Dodged            |    26 |    12 ||    38
Block: Buckler           |    10 |     3 ||    13
